AoeStats
← Alexspiration

Lombardia

507973415Analyzed
4v4 RM · 13d ago on Sep 20, 2026· 44m 49s· 8 players
Game mode
Random Map
Map size
Large (8 player)
Population
200
Speed
Normal
Resources
Standard
Victory
Conquest
Starting age
Dark Age
Ending age
Imperial Age
RankedLock teamsTeams togetherTeam positionsShared explorationLock speedFull tech treeHidden civsTurbo modeCheats
Victory
Defeat
🇨🇴 Mongols · Colombia
1528
+14
🇩🇪 Saracens · Germany
1495
+15
🇨🇳 Poles · China
1483
+16
🇦🇺 Persians · Australia
1478
+16
🇩🇪 Lithuanians · Germany
1555
-18
🇩🇪 Magyars · Germany
1509
-16
🇩🇪 Britons · Germany
1440
-14
🇺🇸 Celts · United States
1420
-13
ResonanceFreq
10:58 Feudal Age
14:18 Castle Age
12:10 Double-Bit Axe
12:32 Horse Collar
15:59 Bow Saw
21:23 Bow Saw
24:23 Wheelbarrow
23:35 Loom
25:22 Gold Mining
26:12 Heavy Plow
29:44 Imperial Age
27:48 Hand Cart
28:33 Gold Shaft Mining
27:54 Stone Mining
28:32 Fletching
28:52 Town Watch
30:25 Conscription
31:39 Two-Man Saw
31:13 Crop Rotation
31:26 Scale Barding Armor
31:32 Forging
32:05 Forging
32:14 Forging
32:31 Chain Barding Armor
32:43 Chain Barding Armor
34:01 Plate Barding Armor
34:01 Iron Casting
34:05 Stone Shaft Mining
33:42 Elite War Elephant
34:39 Bloodlines
34:32 Husbandry
36:39 Blast Furnace
37:20 Devotion
38:54 Faith
38:46 Light Cavalry
39:24 Hussar
42:59 Caravan
43:29 Coinage
43:10 Guilds
43:34 Bodkin Arrow
43:52 Citadels
44:17 Hoardings
[Tunjos]Acordeon
6:49 Loom
9:02 Feudal Age
9:54 Double-Bit Axe
10:40 Horse Collar
14:52 Forging
15:28 Scale Barding Armor
21:10 Castle Age
20:39 Gold Mining
24:00 Chain Barding Armor
25:30 Husbandry
26:27 Bloodlines
30:16 Wheelbarrow
32:12 Iron Casting
33:52 Hand Cart
35:02 Fletching
39:00 Bow Saw
40:58 Town Watch
44:32 Imperial Age
42:07 Bodkin Arrow
42:54 Padded Archer Armor
43:01 Light Cavalry
苟住
10:48 Feudal Age
17:06 Castle Age
15:13 Double-Bit Axe
16:26 Horse Collar
23:12 Heavy Plow
25:36 Wheelbarrow
25:40 Gold Mining
26:15 Bow Saw
27:00 Stone Mining
30:20 Imperial Age
27:37 Town Watch
27:38 Loom
28:25 Forging
29:00 Scale Barding Armor
29:13 Szlachta Privileges
30:09 Hand Cart
30:24 Bloodlines
30:31 Cavalier
31:48 Iron Casting
31:23 Caravan
32:52 Chain Barding Armor
33:34 Blast Furnace
33:24 Stone Shaft Mining
34:01 Fletching
34:40 Husbandry
35:13 Fortified Wall
36:04 Chemistry
35:53 Light Cavalry
36:30 Bodkin Arrow
37:43 Lechitic Legacy
37:44 Conscription
39:04 Devotion
39:06 Bracer
41:29 Winged Hussar
42:44 Scale Mail Armor
43:05 Elite Obuch
44:02 Chain Mail Armor
Alexspiration
7:15 Loom
9:35 Feudal Age
12:44 Fletching
15:42 Double-Bit Axe
15:38 Horse Collar
18:00 Wheelbarrow
22:52 Castle Age
21:31 Padded Archer Armor
23:03 Crossbowman
24:30 Bodkin Arrow
25:50 Ballistics
32:17 Hand Cart
31:47 Town Watch
38:59 Imperial Age
40:53 Conscription
42:11 Chemistry
42:35 Arbalester
Mis
7:35 Loom
10:50 Feudal Age
16:27 Castle Age
14:31 Double-Bit Axe
19:00 Horse Collar
23:27 Bow Saw
24:50 Wheelbarrow
27:41 Fletching
32:27 Heavy Plow
32:54 Gold Mining
36:35 Imperial Age
35:25 Hand Cart
35:38 Scale Mail Armor
36:24 Forging
35:38 Pikeman
37:28 Chain Mail Armor
36:37 Capped Ram
36:48 Halberdier
38:38 Iron Casting
39:18 Bodkin Arrow
41:16 Blast Furnace
41:11 Siege Ram
44:47 Conscription
[UDeaD]EL ROJO
6:44 Loom
9:23 Feudal Age
10:21 Double-Bit Axe
11:02 Horse Collar
18:51 Castle Age
17:45 Gold Mining
18:54 Scale Barding Armor
19:05 Bloodlines
20:33 Bow Saw
24:56 Wheelbarrow
29:16 Husbandry
30:01 Hand Cart
30:20 Stone Mining
35:34 Imperial Age
35:43 Cavalier
35:46 Pikeman
37:16 Conscription
37:42 Paladin
40:20 Chain Barding Armor
41:58 Plate Barding Armor
43:25 Corvinian Army
Theverat
8:38 Loom
10:23 Feudal Age
8:48 Loom
12:38 Double-Bit Axe
15:07 Castle Age
13:27 Horse Collar
14:10 Double-Bit Axe
17:21 Bow Saw
18:08 Wheelbarrow
20:44 Gold Mining
23:00 Heavy Plow
23:34 Bloodlines
23:56 Scale Barding Armor
23:59 Husbandry
27:03 Forging
27:22 Chain Barding Armor
29:19 Forging
30:17 Stone Mining
31:05 Iron Casting
33:09 Hand Cart
32:40 Town Watch
39:02 Imperial Age
40:53 Light Cavalry
Lambadaschnitte
7:01 Loom
7:06 Loom
10:48 Feudal Age
15:10 Castle Age
13:14 Double-Bit Axe
13:55 Horse Collar
16:24 Bow Saw
21:58 Heavy Plow
23:02 Fletching
23:12 Padded Archer Armor
23:59 Wheelbarrow
23:10 Town Watch
24:48 Bodkin Arrow
25:18 Gold Mining
25:25 Crossbowman
26:54 Leather Archer Armor
27:58 Ballistics
29:20 Gold Shaft Mining
30:24 Hand Cart
35:26 Imperial Age
33:20 Fortified Wall
33:04 Elite Skirmisher
34:06 Careening
34:12 Fervor
34:22 Sanctity
35:31 Arbalester
36:12 Bracer
36:43 Ring Archer Armor
36:14 Scale Mail Armor
36:24 Forging
37:57 Chemistry
36:46 Pikeman
37:26 Squires
38:21 Theocracy
37:47 Devotion
38:08 Sanctity
38:07 Block Printing
38:09 Treadmill Crane
38:39 Masonry
39:49 Halberdier
43:46 Chain Mail Armor
Connection lost

Rejoining the realm…

Still unreachable

The connection could not be restored.

Session expired

The server has moved on; the page needs a fresh start.